 Dungeon Crawl Stone Soup version 0.28-a0-834-g1a73be5ee4 (webtiles) character file.

Game seed: 260682534534978696

40919 oldriver the Eclecticist (level 14, -1/98 HPs)
             Began as a Djinni Fire Elementalist on Nov 12, 2021.
             Was the Champion of Makhleb.
             Slain by a ghost moth (2 damage)
             ... on level 2 of the Lair of Beasts.
             The game lasted 01:01:26 (17382 turns).

oldriver the Eclecticist (DjFE)                    Turns: 17382, Time: 01:01:26

Health: -1/98      AC:  8    Str:  7      XL:     14   Next: 47%
Gold:   1458       EV: 12    Int: 24 (26) God:    Makhleb [******] SH:  0 Dex: 14 (15)

rFire   + + .      SeeInvis .   n - +7 whip (flame)
rCold   + . .      Faith    .   (no shield)
rNeg    . . .      Spirit   .   J - +0 troll leather armour
rPois   ∞          Reflect  .   O - +2 hat {Int+3}
rElec   .          Harm     .   m - +0 cloak
rCorr   .          Rampage  .   D - +0 pair of gloves {archery}
Will    +....                   (boots unavailable)
Stlth   ++........              d - amulet of regeneration
HPRegen 2.26/turn               B - ring "Ilud" {rC+ Dex+2}
MPRegen 0.00/turn               E - ring of protection from cold

@: flying
A: sickness immunity, fire resistance 2, cold vulnerability 1, float, innate
caster, hp casting, extra vitality 1
a: Renounce Religion, Minor Destruction, Lesser Servant of Makhleb, Major
Destruction, Greater Servant of Makhleb


You were on level 2 of the Lair of Beasts.
You worshipped Makhleb.
Makhleb was exalted by your worship.
You visited 5 branches of the dungeon, and saw 20 of its levels.

You collected 1458 gold pieces.

Inventory:

Hand Weapons
 n - a +7 whip of flaming (weapon)
Missiles
 w - 6 throwing nets
Armour
 m - a +0 cloak (worn)
 C - a +1 ring mail of willpower
 D - a +0 pair of gloves of archery (worn)
 J - a +0 troll leather armour (worn)
 O - a +2 hat of intelligence (worn)
Jewellery
 d - an amulet of regeneration (around neck)
 A - a ring of protection from fire
 B - the ring "Ilud" (left hand) {rC+ Dex+2}
   (You found it on level 7 of the Dungeon)

   [ring of protection from cold]

   Dex:       It affects your dexterity (+2).
   rC:        It protects you from cold.
 E - a ring of protection from cold (right hand)
 K - a ring of willpower
 M - a ring of fire
Wands
 v - a wand of paralysis (16)
 H - a wand of flame (36)
 I - a wand of mindburst (24)
Scrolls
 e - a scroll of magic mapping
 f - 4 scrolls of blinking
 h - 8 scrolls of teleportation
 i - 2 scrolls of vulnerability
 l - 8 scrolls of noise
 o - 3 scrolls of immolation
 u - 3 scrolls of holy word
 x - 2 scrolls of enchant weapon
 y - 2 scrolls of fog
 F - a scroll of enchant armour
 L - 4 scrolls of identify
 N - 2 scrolls of fear
 P - a scroll of brand weapon
Potions
 a - a potion of attraction {unknown}
 b - 3 potions of brilliance {unknown}
 c - a potion of degeneration {unknown}
 g - 8 potions of curing
 j - 2 potions of cancellation {unknown}
 k - a potion of haste {unknown}
 p - 5 potions of flight {unknown}
 q - 6 potions of heal wounds {unknown}
 r - 4 potions of might {unknown}
 s - 7 potions of ambrosia
 t - 3 potions of lignification {unknown}
 z - 3 potions of mutation {unknown}
 G - a potion of invisibility {unknown}


   Skills:
 * Level 8.0 Fighting
 + Level 0.3 Maces & Flails
 + Level 3.0 Armour
 + Level 3.8 Dodging
 + Level 2.7 Stealth
 + Level 0.2 Unarmed Combat
 * Level 17.1 Spellcasting


You had 14 spell levels left.
You knew the following spells:

 Your Spells              Type           Power      Damage    Failure   Level
a - Foxfire               Conj/Fire      100%       2x1d9     0%          1
b - Scorch                Fire           100%       2d10      0%          2
c - Conjure Flame         Conj/Fire      80%        6-21      0%          3
d - Inner Flame           Hex/Fire       80%        N/A       0%          3
e - Flame Wave            Conj/Fire      80%        3d14      1%          4
f - Sting                 Tmut/Pois      100%       1d8       0%          1
g - Passwall              Tmut/Erth      66%        N/A       0%          2
h - Dazzling Flash        Conj/Hex       100%       N/A       0%          3
i - Cause Fear            Hex            40%        N/A       1%          4
j - Metabolic Englaciati  Hex/Ice        40%        N/A       1%          5
k - Yara's Violent Unrav  Hex/Tmut       40%        3d16      1%          5
Your spell library was empty.

Dungeon Overview and Level Annotations

Branches:
Dungeon (12/15)            Temple (1/1) D:7            Lair (4/6) D:9
 Shoals (0/4) Lair:3       Spider (1/4) Lair:2          Orc (2/2) D:11
    Elf (0/3) Orc:2

Altars:
Ashenzari
Cheibriados
Dithmenos
Elyvilon
Fedhas
Gozag
Hepliaklqana
Kikubaaqudgha
Makhleb
Nemelex Xobeh
Okawaru
Qazlal
Ru
Sif Muna
Trog
Uskayaw
Vehumet
Wu Jian
Xom
Yredelemnul
Zin
The Shining One
Beogh

Shops:
D:7 :   D:10 :   D:11 [   Orc:1 =?   Orc:2 =(*[((([:

Annotations:
D:10 exclusion: orange crystal statue
Lair:4 3 runed translucent doors, Bediveer's ghost, journeyman MiBe


Innate Abilities, Weirdness & Mutations

You are immune to sickness and miasma.
You are immune to poison.
Your flesh is very heat resistant. (rF++)
You are vulnerable to cold. (rC-)
You float through the air rather than walking.
You learn spells naturally, not from books.
Your magical power is your life essence.
You have superior vitality. (+4 HP)


Message History

The jumping spider bites you but does no damage.
The jumping spider misses you.
The jumping spider bites you but does no damage.
Something hits you! Something hits you but does no damage.
Something stings you but does no damage.
A wave of flame ripples out!
The flame wave engulfs something!
The flame wave engulfs the jumping spider!
You kill the jumping spider!
Makhleb accepts your kill.
You feel better.
The flame wave engulfs the wolf spider!!
The wolf spider is moderately wounded.
You hear an angry hiss. x11; You hear a hideous shriek!
A wolf spider comes into view.
An entropy weaver comes into view.
Something hits you!
You feel dopey. Something hits you.
You feel clumsy.
Something stings you but does no damage.
A jumping spider comes into view.
The orb spider spins a strand of pure energy.
The wolf spider hits you! The wolf spider bites you!
* * * LOW HITPOINT WARNING * * *
Something hits you but does no damage. x2; Something stings you.
* * * LOW HITPOINT WARNING * * *
The wolf spider hits you!
* * * LOW HITPOINT WARNING * * *
The wolf spider barely misses you.
You fly upwards.
Welcome back to the Lair of Beasts!
Reactivating autopickup.
There is a hole to the Spider Nest here.
It was a potion of curing.
You feel better.
You feel you are being watched by something.
Something hits you.
* * * LOW HITPOINT WARNING * * *
Deactivating autopickup; reactivate with Ctrl-A.
Something hits you!
* * * LOW HITPOINT WARNING * * *
Something stings you.
You die...

##.###..P#####.#
##..............#
#......#........##
#...^.###...^...P#
##....###^......##
###..^..#^##^..^..#
####.......^^^##.....#
#...#...^...^s^#.....##### #
##..........{@^..^...##.P#####
##..#P.....^^^^...#...........
#P.###P...^^^#...^#######.#...
##.##.....###..^^^^######.##.#
##.....).###...^^##.......###.
###.....(........###...#.##.##.#
#.#.......#..#.##....#######.#.#
#...........).......## ###.(
##...........#.P###.# #..


You could see a wolf spider (slow).

Vanquished Creatures
  Gastronok (Lair:3)
  An orc warlord (Orc:2)
  Harold (D:8)
  2 boulder beetles (D:12)
  3 hydras
  3 two-headed ogres
  3 orc high priests (Orc:2)
  Nergalle (D:11)
  An orc knight (Orc:2)
  Pikel (D:8)
  2 ugly things (D:12)
  An oklob plant (Lair:2)
  A manticore (D:12)
  An orc sorcerer (Orc:2)
  2 cyclopes
  7 centaur zombies
  5 black mambas
  7 cane toads
  A gargoyle (D:8)
  Psyche (D:11)
  An unseen horror (D:11)
  6 komodo dragons
  A kobold demonologist (D:11)
  3 rime drakes
  7 trolls
  A queen bee (D:9)
  A jumping spider (Spider:1)
  10 blink frogs
  Prince Ribbit (D:5)
  2 shadows
  2 redbacks (Lair:2)
  A vampire (D:12)
  2 wyverns
  39 yaks
  A wraith (D:11)
  2 basilisks (Lair:4)
  2 wargs
  5 water moccasins
  3 black bears (D:5)
  22 orc warriors
  2 necrophages
  A centaur (D:6)
  5 wolves (Lair:1)
  7 ogres
  2 phantoms (D:5)
  4 lemures (D:8)
  4 kobold brigands
  A bullfrog (Lair:2)
  A wyvern zombie (D:9)
  5 gnoll sergeants
  2 scorpions (D:5)
  A water moccasin zombie (D:7)
  A water moccasin skeleton (D:4)
  27 killer bees
  10 wights
  An electric eel (Lair:4)
  9 howler monkeys
  A jelly (D:4)
  14 orc priests
  3 hounds
  3 bullfrog skeletons
  3 centaur skeletons
  17 orc wizards
  2 howler monkey zombies
  A howler monkey skeleton (D:3)
  5 adders
  18 gnolls
  A shadow imp (D:5)
  2 white imps (D:6)
  An ufetubus (D:5)
  An adder skeleton (D:5)
  3 worms
  2 dart slugs
  73 orcs
  8 endoplasms
  3 giant cockroaches
  4 goblins
  3 hobgoblins
  A quokka (D:1)
  2 ball pythons
  2 bats
  2 frilled lizards (D:2)
  5 kobolds
  6 rats
  A bush (Lair:2)
427 creatures vanquished.

Vanquished Creatures (collateral kills)
  18 foxfires
18 creatures vanquished.

Vanquished Creatures (others)
  2036 foxfires
  15 fungi
  57 plants
2108 creatures vanquished.

Grand Total: 2553 creatures vanquished

Notes
Turn   | Place    | Note
-------+----------+-------------------------------------------
     0 | D:1      | oldriver the Djinni Fire Elementalist began the quest for
                  | the Orb.
     0 | D:1      | Reached XP level 1. HP: 15/15 MP: 0/0
    19 | D:1      | Found a faded altar of an unknown god.
    46 | D:1      | Reached XP level 2. HP: 18/21 MP: 0/0
   816 | D:1      | Reached skill level 3 in Spellcasting
  1016 | D:1      | Reached XP level 3. HP: 22/25 MP: 0/0
  1016 | D:1      | Learned a level 1 spell: Sting
  2179 | D:3      | Reached XP level 4. HP: 31/31 MP: 0/0
  2394 | D:3      | Found an iron altar of Okawaru.
  2492 | D:3      | Found a glowing silver altar of Zin.
  2493 | D:3      | Found a shimmering altar of Xom.
  2496 | D:3      | Found a sacrificial altar of Ru.
  2498 | D:3      | Found a basalt altar of Yredelemnul.
  2673 | D:3      | Reached skill level 4 in Spellcasting
  2673 | D:3      | Reached XP level 5. HP: 26/36 MP: 0/0
  2673 | D:3      | Learned a level 2 spell: Passwall
  3130 | D:4      | Reached XP level 6. HP: 41/41 MP: 0/0
  3241 | D:4      | Reached skill level 1 in Fighting
  3601 | D:4      | Noticed a necrophage
  3604 | D:4      | Killed a necrophage
  3605 | D:4      | Reached skill level 5 in Spellcasting
  3678 | D:5      | Entered Level 5 of the Dungeon
  3706 | D:5      | Reached XP level 7. HP: 43/47 MP: 0/0
  3706 | D:5      | Learned a level 3 spell: Dazzling Flash
  3752 | D:5      | Noticed a shadow
  3754 | D:5      | Reached skill level 6 in Spellcasting
  3755 | D:5      | Reached XP level 8. HP: 46/54 MP: 0/0
  3762 | D:5      | Killed a shadow
  3926 | D:5      | Reached skill level 7 in Spellcasting
  4020 | D:5      | Reached XP level 9. HP: 51/60 MP: 0/0
  4020 | D:5      | Learned a level 4 spell: Cause Fear
  4087 | D:5      | Reached skill level 8 in Spellcasting
  4145 | D:5      | Noticed Prince Ribbit
  4150 | D:5      | Killed Prince Ribbit
  4303 | D:6      | Noticed a two-headed ogre
  4319 | D:6      | Killed a two-headed ogre
  4320 | D:6      | Reached skill level 9 in Spellcasting
  4992 | D:7      | Reached XP level 10. HP: 65/67 MP: 0/0
  5095 | D:7      | Found a staircase to the Ecumenical Temple.
  5139 | Temple   | Entered the Ecumenical Temple
  5321 | Temple   | Became a worshipper of Makhleb the Destroyer
  5427 | D:7      | Found Woopoug's Book Boutique.
  5692 | D:7      | Reached skill level 10 in Spellcasting
  5868 | D:7      | Identified the ring "Ilud" {rC+ Dex+2}
  6051 | D:8      | Noticed a gargoyle
  6248 | D:8      | Killed a gargoyle
  6263 | D:8      | Reached * piety under Makhleb
  6263 | D:8      | Noticed Harold
  6279 | D:8      | Killed Harold
  6425 | D:8      | Noticed Pikel
  6434 | D:8      | Killed Pikel
  6435 | D:8      | Reached skill level 5 in Fighting
  7000 | D:9      | Reached skill level 11 in Spellcasting
  7000 | D:9      | Noticed a komodo dragon
  7023 | D:9      | Reached skill level 1 in Armour
  7026 | D:9      | Reached XP level 11. HP: 52/75 MP: 0/0
  7026 | D:9      | Learned a level 5 spell: Metabolic Englaciation
  7241 | D:9      | Found a staircase to the Lair.
  7440 | D:9      | Reached ** piety under Makhleb
  7512 | D:9      | Reached skill level 12 in Spellcasting
  7820 | D:9      | Found a stormy altar of Qazlal.
  7987 | D:10     | Entered Level 10 of the Dungeon
  8001 | D:10     | Noticed a two-headed ogre
  8006 | D:10     | Killed a two-headed ogre
  8014 | D:10     | Reached *** piety under Makhleb
  8428 | D:10     | Reached XP level 12. HP: 79/83 MP: 0/0
  8474 | D:10     | Reached skill level 13 in Spellcasting
  8491 | D:10     | Found Oxuede's Book Emporium.
  9241 | D:11     | Noticed Psyche
  9249 | D:11     | Killed Psyche
  9376 | D:11     | Noticed Nergalle
  9389 | D:11     | Killed Nergalle
  9397 | D:11     | Noticed a two-headed ogre
  9410 | D:11     | Killed a two-headed ogre
  9455 | D:11     | Found Puen's Antique Armour Boutique.
  9507 | D:11     | Found a staircase to the Orcish Mines.
  9519 | D:11     | Reached **** piety under Makhleb
  9805 | D:11     | Reached skill level 14 in Spellcasting
 10000 | Orc:1    | Entered Level 1 of the Orcish Mines
 10157 | Orc:1    | Found Yperaipp's Magic Scroll Boutique.
 10163 | Orc:1    | Found Bonenain's Jewellery Boutique.
 10397 | Orc:2    | Entered Level 2 of the Orcish Mines
 10473 | Orc:2    | Found Meywkotu's Book Emporium.
 10580 | Orc:2    | Found a staircase to the Elven Halls.
 10690 | Orc:2    | Found Ritoc's Antique Weapon Shop.
 10728 | Orc:2    | Found Qaluxzid's Weapon Boutique.
 10735 | Orc:2    | Found Yhiror's General Store.
 10770 | Orc:2    | Found Iriuk's Jewellery Shoppe.
 11250 | Orc:2    | Reached ***** piety under Makhleb
 11266 | Orc:2    | Noticed an orc high priest
 11287 | Orc:2    | Killed an orc high priest
 11311 | Orc:2    | Found Qatweet's Weapon Emporium.
 11314 | Orc:2    | Reached XP level 13. HP: 89/89 MP: 0/0
 11314 | Orc:2    | Learned a level 5 spell: Yara's Violent Unravelling
 11556 | Orc:2    | Noticed an orc warlord
 11607 | Orc:2    | Killed an orc warlord
 11608 | Orc:2    | Reached skill level 15 in Spellcasting
 11613 | Orc:2    | Found Zoeliulu's Antique Weapon Shoppe.
 11615 | Orc:2    | Found Qimiez's Antique Armour Emporium.
 11973 | Orc:2    | Found Yjionon's Armour Boutique.
 12209 | Lair:1   | Entered Level 1 of the Lair of Beasts
 13038 | Lair:1   | You are sucked into a shaft and drop 1 floor!
 14089 | Lair:2   | Found a hole to the Spider Nest.
 14276 | Lair:2   | Reached skill level 16 in Spellcasting
 14836 | Lair:3   | Found a staircase to the Shoals.
 14962 | Lair:3   | Noticed a four-headed hydra
 14971 | Lair:3   | Killed a four-headed hydra
 15001 | Lair:3   | Noticed Gastronok
 15012 | Lair:3   | Killed Gastronok
 15013 | Lair:3   | Reached XP level 14. HP: 96/96 MP: 0/0
 15691 | Lair:4   | Found a runed translucent gate.
 15691 | Lair:4   | Found a runed translucent gate.
 15704 | Lair:4   | Noticed Bediveer's ghost (journeyman MiBe)
 15706 | Lair:4   | Found a runed translucent gate.
 17013 | D:12     | Reached skill level 17 in Spellcasting
 17109 | D:12     | Reached ****** piety under Makhleb
 17372 | Spider:1 | Entered Level 1 of the Spider Nest
 17379 | Spider:1 | Noticed an entropy weaver
 17382 | Lair:2   | HP: 1/98 [something (10)]
 17382 | Lair:2   | Slain by a ghost moth

Illustrated notes

Levels and vault maps discovered:
D:1:      kennysheep_arrival_forest, layout_basic,
          ebering_ecumenical_altar_rust, minmay_misc_feat_secret_circle
D:2:      layout_basic
D:3:      layout_basic, minitemple, st_stairs_5, item_on_display_a
D:4:      layout_loops_ring
D:5:      layout_rooms, uniq_prince_ribbit1
D:6:      layout_basic
D:7:      layout_gridville, minmay_temple_entry_waves, serial_shops,
          shop_fountains
D:8:      layout_cave_pools, corexii_corridor_pit, uniq_harold, uniq_pikel
D:9:      layout_roguey [special_room_bee], general_overflow_altar,
          david_lair_shrubbed, minmay_circle_x
D:10:     layout_loops_ring, serial_shops, nicolae_square_shop, minivault_16,
          minmay_misc_feat_more_columns
D:11:     layout_rooms, kennysheep_orc_monster_closet_entryway, serial_shops,
          nicolae_shop_trees, kennysheep_pointless_box, uniq_psyche,
          uniq_nergalle
D:12:     layout_cave_pools
Temple:   regret_index_temple_generic_petals
Lair:1:   layout_layer_cave
Lair:2:   layout_loops_ring, spider_nest_entry_webs, minmay_lair_oklob_items
Lair:3:   layout_cave_pods, elwin_shoals_entry_rocks, serial_bayou_shore_b,
          uniq_gastronok
Lair:4:   layout_concentric_octagons, gammafunk_ghost_split,
          serial_bayou_shore_a
Spider:1: layout_spider_delve
Orc:1:    layout_caves, serial_shops, shop, shop
Orc:2:    grunt_orc_community_town_hall, layout_caves,
          grunt_orc_community_big_house_2, grunt_orc_community_big_house_2,
          grunt_orc_community_house_2, grunt_orc_community_house_1,
          grunt_orc_community_house_1, grunt_orc_community_house_1,
          grunt_orc_community_house_3, serial_shops, shop, nicolae_diamond_shop,
          nicolae_lakefront_shop, shop, nicolae_shop_statue_plus,
          mumra_transporter_accident, uniq_rupert

Skill      XL: |  1  2  3  4  5  6  7  8  9 10 11 12 13 14 |
---------------+-------------------------------------------+-----
Spellcasting   | 3 4 5 6 7 9 11 12 14 16 17 | 17.1
Fighting       | 1 2 3 5 6 7 8 |  8.0
Stealth        | 2 |  2.7
Dodging        | 3 |  3.8
Armour         | 1 2 3 |  3.0
Maces & Flails | |  0.3
Unarmed Combat | |  0.2

Action                   |  1- 3 |  4- 6 |  7- 9 | 10-12 | 13-15 || total
-------------------------+-------+-------+-------+-------+-------++-------
Melee: Unarmed           |     6 |       |       |       |       ||     6
       Whip              |     4 |    12 |       |       |     3 ||    19
 Cast: Foxfire           |    97 |    73 |   116 |   495 |   472 ||  1253
       Scorch            |       |    12 |    51 |   187 |   155 ||   405
       Conjure Flame     |       |       |     3 |    24 |       ||    27
       Flame Wave        |       |       |       |    28 |    19 ||    47
       Inner Flame       |       |       |       |     5 |    15 ||    20
       Passwall          |       |       |       |     4 |       ||     4
       Cause Fear        |       |       |       |    25 |    31 ||    56
       Metabolic Englaci |       |       |       |    14 |    18 ||    32
       Yara's Violent Un |       |       |       |       |    15 ||    15
  Use: Scroll            |       |       |       |    15 |     4 ||    19
       Potion            |       |       |       |       |     1 ||     1
 Stab: Sleeping          |       |     1 |       |       |       ||     1
Armor: Robe              |     9 |     5 |     5 |     1 |       ||    20
       Ring mail         |       |       |       |    32 |       ||    32
       Troll leather arm |       |       |       |     9 |    27 ||    36
Dodge: Dodged            |    17 |    13 |    15 |    57 |    35 ||   137

Table legend: (Time is in decaauts)
 A = Elapsed time spent in this place.
 B = Non-inter-level travel time spent in this place.
 C = Inter-level travel time spent in this place.
 D = Time resting spent in this place.
 E = Time spent auto-exploring this place.
 F = Levels seen in this place.
 G = Mean time per level.
                   A        B        C        D        E       F      G
               +--------+--------+--------+--------+--------+-----+--------+
         Total |  17395 |  16233 |   1162 |   1570 |  11329 |  20 |  869.8 |
       Dungeon |  10519 |   9784 |    735 |    985 |   6861 |  12 |  876.6 |
        Temple |    250 |    216 |     34 |      0 |    205 |   1 |  250.0 |
          Lair |   4495 |   4198 |    297 |    346 |   3208 |   4 | 1123.8 |
   Spider Nest |      8 |      8 |      0 |      0 |      0 |   1 |    8.0 |
  Orcish Mines |   2121 |   2026 |     95 |    239 |   1055 |   2 | 1060.5 |
               +--------+--------+--------+--------+--------+-----+--------+

Top non-repeatable levels by time:
   Orc:2: 1570 daAuts
     D:9: 1515 daAuts
  Lair:1: 1473 daAuts
     D:1: 1352 daAuts
  Lair:2: 1210 daAuts
    D:11: 1097 daAuts
  Lair:3: 916 daAuts
     D:3: 903 daAuts
     D:7: 901 daAuts
  Lair:4: 894 daAuts
     D:2: 822 daAuts
     D:6: 760 daAuts
    D:10: 730 daAuts
     D:8: 633 daAuts
     D:5: 607 daAuts
